 Dungeon Crawl Stone Soup version 0.28.0-47-ge53b351184 (webtiles) character file.

Game seed: 14521891745645605124

58 Kaptain the Digger (level 4, -1/25 HPs)
             Began as a Gargoyle Earth Elementalist on Apr 25, 2022.
             Slain by a gnoll
             ... wielding a +0 halberd
              (13 damage)
             ... on level 2 of the Dungeon.
             The game lasted 00:03:49 (2147 turns).

Kaptain the Digger (Gargoyle Earth Elementalist)    Turns: 2147, Time: 00:03:50

Health: -1/25      AC:  6    Str: 12    XL:     4   Next: 1%
Magic:  0/7        EV: 11    Int: 17    God:
Gold:   46         SH:  0    Dex: 10    Spells: 6/7 levels left

rFire   . . .      SeeInvis .   e - +3 spear
rCold   . . .      Faith    .   (no shield)
rNeg    + . .      Spirit   .   f - +0 leather armour
rPois   ∞          Reflect  .   (no helmet)
rElec   +          Harm     .   (no cloak)
rCorr   .          Rampage  .   (no gloves)
Will    .....                   (no boots)
Stlth   ++........              (no amulet)
HPRegen 0.08/turn               (no ring)
MPRegen 0.10/turn               (no ring)

@: very slightly contaminated
A: sickness immunity, AC +3, negative energy resistance 1, electricity
resistance, torment resistance 1, petrification resistance
a: no special abilities


You were on level 2 of the Dungeon.
You visited 1 branch of the dungeon, and saw 2 of its levels.

You collected 46 gold pieces.

Inventory:

Hand Weapons
 a - a +0 falchion
 e - a +3 spear (weapon)
Missiles
 c - 98 stones
Armour
 f - a +0 leather armour (worn)
Magical Staves
 g - a staff of earth
Scrolls
 d - a scroll of amnesia {unknown}
 h - a scroll of enchant armour {unknown}
 i - a scroll of summoning {unknown}
Potions
 b - a potion of curing {unknown}


   Skills:
 * Level 1.4 Fighting
 + Level 0.8 Armour
 + Level 1.8 Dodging
 - Level 2.1 Stealth
 * Level 2.4 Spellcasting
 * Level 1.7 Conjurations
 - Level 0.7 Transmutations
 * Level 4.1 Earth Magic


You had 6 spell levels left.
You knew the following spells:

 Your Spells              Type           Power      Damage    Failure   Level
a - Sandblast             Erth           32%        2d9       4%          1

Your spell library contained the following spells:

 Spells                   Type           Power      Damage    Failure   Level
 Passwall                 Tmut/Erth      8%         N/A       13%         2
 Stone Arrow              Conj/Erth      22%        3d8       22%         3
 Petrify                  Tmut/Erth      10%        N/A       65%         4


Dungeon Overview and Level Annotations

Branches:
Dungeon (2/15)

Altars:


Innate Abilities, Weirdness & Mutations

You are immune to sickness and miasma.
Your stone body is resilient. (AC +3)
You are immune to poison.
You resist negative energy. (rN+)
You are resistant to electric shocks. (rElec)
You are resistant to unholy torment.
You are immune to petrification.


Message History

The gnoll hits you from afar with a +0 halberd.
Unknown command.
Casting: Sandblast (safe; 4% risk of failure)
Confirm with . or Enter, or press ? or * to list all spells.
Aiming: Sandblast (safe; 4% risk of failure)
Press: ? - help, Shift-Dir - straight line, f/p - gnoll
Aim: a gnoll, wielding a +0 halberd (moderately wounded, 82% to hit)
The blast of sand hits the gnoll but does no damage.
The gnoll is moderately wounded.
The gnoll closely misses you.
Unknown command.
Casting: Sandblast (safe; 4% risk of failure)
Confirm with . or Enter, or press ? or * to list all spells.
Aiming: Sandblast (safe; 4% risk of failure)
Press: ? - help, Shift-Dir - straight line, f/p - gnoll
Aim: a gnoll, wielding a +0 halberd (moderately wounded, 82% to hit)
The blast of sand hits the gnoll.
The gnoll is severely wounded.
The gnoll misses you.
Unknown command.
Casting: Sandblast (safe; 4% risk of failure)
Confirm with . or Enter, or press ? or * to list all spells.
Aiming: Sandblast (safe; 4% risk of failure)
Press: ? - help, Shift-Dir - straight line, f/p - gnoll
Aim: a gnoll, wielding a +0 halberd (severely wounded, 82% to hit)
The blast of sand hits the gnoll.
The gnoll is almost dead.
The gnoll hits you from afar with a +0 halberd!
Unknown command.
Casting: Sandblast (safe; 4% risk of failure)
Confirm with . or Enter, or press ? or * to list all spells.
Aiming: Sandblast (safe; 4% risk of failure)
Press: ? - help, Shift-Dir - straight line, f/p - gnoll
Aim: a gnoll, wielding a +0 halberd (almost dead, 82% to hit)
You miscast Sandblast.
You are very lightly contaminated with residual magic.
Nothing appears to happen.
The gnoll hits you from afar with a +0 halberd!
Ouch! That really hurt!
You die...

#### ....
#### ###
### ..#
... #.#
###
##g#######
#.........
#.@# #..#
#..# #..#
####..#
#####
#.....#
#...##
#.###.#
#.#
.###.##
#.# #.#
#.# ##
##.##
#.###.#
#.#


You could see a gnoll.

Vanquished Creatures
  An adder (D:2)
  A gnoll (D:2)
  3 worms (D:2)
  A dart slug (D:2)
  3 endoplasms (D:1)
  2 giant cockroaches (D:1)
  4 hobgoblins
  2 quokkas
  A ball python (D:2)
  3 bats
  2 frilled lizards
  3 goblins (D:1)
  A kobold (D:2)
  4 rats
31 creatures vanquished.

Notes
Turn   | Place    | Note
-------+----------+-------------------------------------------
     0 | D:1      | Kaptain the Gargoyle Earth Elementalist began the quest for
                  | the Orb.
     0 | D:1      | Reached XP level 1. HP: 10/10 MP: 3/3
   284 | D:1      | Reached XP level 2. HP: 16/16 MP: 5/5
  1285 | D:2      | Reached skill level 1 in Fighting
  1285 | D:2      | Reached skill level 1 in Conjurations
  1285 | D:2      | Reached skill level 4 in Earth Magic
  1285 | D:2      | Reached XP level 3. HP: 12/20 MP: 6/6
  1604 | D:2      | Found a faded altar of an unknown god.
  2123 | D:2      | Reached XP level 4. HP: 25/25 MP: 4/7
  2147 | D:2      | Slain by a gnoll

Illustrated notes

Levels and vault maps discovered:
D:1:      roderic_octagonal_star, layout_basic, minivault_11, hex_large,
          corexii_hall_statues_u
D:2:      layout_loops_ring, hellmonk_ecumenical_altar_heavens_door,
          minmay_misc_feat_ornament

Skill      XL: |  1  2 |
---------------+-------+-----
Fighting       | 1 |  1.4
Conjurations   | 1 |  1.7
Earth Magic    | 4 |  4.1
Armour         | |  0.8
Dodging        | |  1.8
Stealth        | |  2.1
Spellcasting   | |  2.4
Transmutations | |  0.7

Action                   |  1- 3 |  4- 6 || total
-------------------------+-------+-------++-------
Melee: Spear             |    68 |       ||    68
       Falchion          |     1 |       ||     1
 Cast: Sandblast         |    19 |     5 ||    24
 Stab: Sleeping          |     5 |       ||     5
Armor: Robe              |     4 |       ||     4
       Leather armour    |    17 |       ||    17
Dodge: Dodged            |    43 |     2 ||    45
